 Dungeon Crawl Stone Soup version 0.28.0-45-g0d030f2227 (webtiles) character file.

Game seed: 9207693009020402919

28 NinjaNoafa the Chopper (level 2, 0/23 HPs)
             Began as a Demonspawn Gladiator on Apr 15, 2022.
             Succumbed to an adder's poison
             ... on level 2 of the Dungeon.
             The game lasted 00:02:30 (1202 turns).

NinjaNoafa the Chopper (Demonspawn Gladiator)       Turns: 1202, Time: 00:02:31

Health: 0/23       AC:  5    Str: 20    XL:     2   Next: 96%
Magic:  2/2        EV: 14    Int:  9    God:
Gold:   41         SH:  0    Dex: 14    Spells: 1/1 levels left

rFire   . . .      SeeInvis .   a - +0 war axe
rCold   . . .      Faith    .   (no shield)
rNeg    . . .      Spirit   .   b - +0 leather armour
rPois   .          Reflect  .   c - +1 helmet
rElec   .          Harm     .   (no cloak)
rCorr   .          Rampage  .   (no gloves)
Will    .....                   (no boots)
Stlth   +.........              (no amulet)
HPRegen 0.07/turn               g - +6 ring of strength
MPRegen 0.08/turn               (no ring)

@: lethally poisoned (0 -> 0)
A: repulsion field 1
a: no special abilities


You were on level 2 of the Dungeon.
You visited 1 branch of the dungeon, and saw 2 of its levels.

You collected 41 gold pieces.

Inventory:

Hand Weapons
 a - a +0 war axe (weapon)
Missiles
 d - 3 throwing nets (quivered)
 e - 46 stones
Armour
 b - a +0 leather armour (worn)
 c - a +1 helmet (worn)
Jewellery
 g - a +6 ring of strength (left hand)
Scrolls
 f - a scroll of identify


   Skills:
 + Level 2.4 Fighting
 - Level 3.0 Axes
 + Level 2.2 Throwing
 + Level 3.0 Dodging


You had one spell level left.
You didn't know any spells.
Your spell library was empty.

Dungeon Overview and Level Annotations

Branches:
Dungeon (2/15)

Altars:


Innate Abilities, Weirdness & Mutations

You are surrounded by a mild repulsion field. (EV +2)


Message History

You are confused.
You feel invigorated.
You feel sick. The adder bites you but does no damage.
You miss the adder.
The adder is moderately wounded.
You feel sick. The adder bites you but does no damage. The adder bites you.
You are more poisoned.
The adder poisons you!
You bump into the rock wall.
You feel less invigorated.
You feel less confused.
You feel sick. The adder bites you.
You are more poisoned.
The adder poisons you! The adder closely misses you.
You closely miss the adder.
The adder is moderately wounded.
You feel very sick. The adder misses you.
You hit the adder but do no damage.
The adder is moderately wounded.
You feel sick. The adder bites you. The adder bites you but does no damage.
You feel sick.
As you read the scroll of enchant armour, it crumbles to dust.
Your +0 helmet glows green for a moment.
You feel sick. The adder barely misses you. The adder bites you.
You are lethally poisoned!
The adder poisons you!
* * * LOW HITPOINT WARNING * * *
You feel sick.
* * * LOW HITPOINT WARNING * * *
You feel sick.
* * * LOW HITPOINT WARNING * * *
You feel sick. The adder misses you.
You aren't carrying any potions.
Okay, then.
* * * LOW HITPOINT WARNING * * *
You feel sick.
* * * LOW HITPOINT WARNING * * *
You feel sick.
* * * LOW HITPOINT WARNING * * *
You feel sick.
You die...

#.#..#
#.##....#######
#..............
#####..########
#..# #.K# #.S#
#..# #.@##
#...# #.#.#
#.#.# #.#.#
#.#.# #.#.#
#.#<# #.###


You could see an adder and a kobold.

Vanquished Creatures
  An endoplasm (D:1)
  4 giant cockroaches (D:1)
  4 hobgoblins (D:1)
  A kobold (D:1)
  2 quokkas (D:1)
  5 ball pythons (D:1)
  5 bats (D:1)
  A rat (D:1)
23 creatures vanquished.

Notes
Turn   | Place    | Note
-------+----------+-------------------------------------------
     0 | D:1      | NinjaNoafa the Demonspawn Gladiator began the quest for the
                  | Orb.
     0 | D:1      | Reached XP level 1. HP: 16/16 MP: 1/1
   246 | D:1      | Gained mutation: You are surrounded by a mild repulsion
                  | field. (EV +2) [demonic ancestry]
   246 | D:1      | Reached XP level 2. HP: 17/22 MP: 2/2
   716 | D:1      | Found a faded altar of an unknown god.
  1201 | D:2      | HP: 1/23 [poisoned by an adder]
  1202 | D:2      | Succumbed to an adder's poison

Illustrated notes

Levels and vault maps discovered:
D:1:      kennysheep_arrival_seaside, layout_basic, basic_ecumenical_altar,
          minmay_tetromino_t2
D:2:      layout_basic, lemuel_another_geyser

Skill      XL: |  1  2 |
---------------+-------+-----
Throwing       | 2 |  2.2
Axes           | 3 |  3.0
Dodging        | 3 |  3.0
Fighting       | |  2.4

Action                   || total
-------------------------++-------
Melee: War axe           ||    81
       Punch             ||     1
  Use: Scroll            ||     3
       Potion            ||     1
 Stab: Sleeping          ||     2
Armor: Leather armour    ||    37
Dodge: Dodged            ||    85
